 Dungeon Crawl Stone Soup version 0.24-b1 (webtiles) character file.

Game seed: 8291239978829720545, levelgen mode: deterministic

35 Gumption the Grave Robber (level 3, -1/36 HPs)
             Began as a Human Necromancer on Oct 12, 2019.
             Slain by a rat (2 damage)
             ... on level 2 of the Dungeon.
             The game lasted 00:06:58 (1283 turns).

Gumption the Grave Robber (Human Necromancer)       Turns: 1283, Time: 00:06:59

Health: -1/36      AC: 21    Str:  8    XL:     3   Next: 52%
Magic:  1/6        EV:  2    Int: 16    God:
Gold:   58         SH:  0    Dex: 13    Spells: 5/6 levels left

rFire    . . .     SeeInvis .   a - +0 short sword
rCold    . . .     Gourm    .   (no shield)
rNeg     + + +     Faith    .   (armour currently unavailable)
rPois    +         Spirit   .   (helmet currently unavailable)
rElec    .         Reflect  .   (cloak currently unavailable)
rCorr    .         Harm     .   (gloves currently unavailable)
MR       .....     NoTele   +   (boots currently unavailable)
Stlth    ++........             (no amulet)
HPRegen  0.12/turn              (no ring)
MPRegen  0.10/turn              (no ring)

@: lethally poisoned (-1 -> -8), tree-form, very slightly contaminated
A: no striking features
a: no special abilities


You were on level 2 of the Dungeon.
You were not hungry.
You were a tree.
You visited 1 branch of the dungeon, and saw 2 of its levels.

You collected 58 gold pieces.

Inventory:

Hand Weapons
 a - a +0 short sword (weapon)
Missiles
 c - 3 boomerangs (quivered)
Armour
 d - a +0 robe (melded)
Scrolls
 b - 5 scrolls of enchant weapon {unknown}
 f - a scroll of remove curse {unknown}
 k - 4 scrolls of teleportation {unknown}
 l - 3 scrolls of identify {unknown}
Potions
 g - a potion of lignification
 h - a potion of curing {unknown}
 i - a potion of haste {unknown}
 j - a potion of might {unknown}
Comestibles
 e - a ration


   Skills:
 + Level 2.4 Dodging
 + Level 2.4 Stealth
 + Level 2.3 Spellcasting
 * Level 4.4 Necromancy


You had 5 spell levels left.
You knew the following spells:

 Your Spells              Type           Power        Failure   Level  Hunger
a - Pain                  Necr           ###.         3%          1    #......

Your spell library contained the following spells:

 Spells                   Type           Power        Failure   Level  Hunger
 Animate Skeleton         Necr           N/A          3%          1    #......
 Vampiric Draining        Necr           ###.......   10%         3    ###....
 Regeneration             Chrm/Necr      #.........   24%         3    ###....
 Animate Dead             Necr           N/A          32%         4    #####..


Dungeon Overview and Level Annotations

Branches:
Dungeon (2/15)

Altars:


Message History

Press: ? - help, Shift-Dir - straight line, f/p - adder
Aim: an adder (almost dead, chance to defeat MR: 80%)
The adder writhes in agony.
You kill the adder!
* * * LOW HITPOINT WARNING * * *
You feel sick. The frilled lizard closely misses you.
* * * LOW HITPOINT WARNING * * *
You feel sick. The frilled lizard barely misses you.
* * * LOW HITPOINT WARNING * * *
You feel sick.
You barely miss the rat.
* * * LOW HITPOINT WARNING * * *
You feel sick. The rat bites you.
* * * LOW HITPOINT WARNING * * *
The frilled lizard closely misses you.
It was a potion of lignification.
You turn into a tree.
Your +0 robe melds into your body.
Your roots penetrate the ground.
* * * LOW HITPOINT WARNING * * *
You feel sick. The rat bites you.
You die...

. #.##.##.#..##
.####.##........##
.......######....##
........##
#.....### #
.........#
###.###.##.#
........##
#.........
........#
#.........
......#.##
##........
[........#
#♣.###...
......###.# #rl# .
......# #.# #.>#
####.##
#.............. #.#
#.#...#..)..... ##.
........#####.# #.
##### ### # ##


You could see a frilled lizard and a rat.

Vanquished Creatures
  An adder (D:2)
  A dart slug (D:1)
  A leopard gecko (D:1)
  2 bats (D:2)
  2 giant cockroaches
  3 goblins (D:1)
  A hobgoblin (D:1)
  3 jackals (D:1)
  A frilled lizard (D:1)
  4 kobolds (D:1)
  3 rats
22 creatures vanquished.

Notes
Turn   | Place    | Note
-------+----------+-------------------------------------------
     0 | D:1      | Gumption the Human Necromancer began the quest for the Orb.
     0 | D:1      | Reached XP level 1. HP: 13/13 MP: 3/3
   443 | D:1      | Reached XP level 2. HP: 18/19 MP: 1/5
   857 | D:1      | Reached XP level 3. HP: 21/24 MP: 6/6
  1282 | D:2      | HP: 1/24 [rat (1)]
  1283 | D:2      | Slain by a rat

Action                   || total
-------------------------++-------
Melee: Short sword       ||    25
Throw: Boomerang         ||    15
 Cast: Pain              ||    26
  Use: Potion            ||     1
 Stab: Sleeping          ||     2
  Eat: Chunk             ||     1
Armor: Robe              ||    16
Dodge: Dodged            ||    27
